cohdb
Replays
Latest Replays
All Replays
Popular Replays
Top Player Replays
Match Explorer
How It Works
Community
CoH3 Stats
Reddit
Sign in to upload your games and track your stats! →
Sign in with Steam
Match 23035269
Unlisted
Match 23035269
Overview
Messages
Build Orders
End
Panzergrenadier Squad
Kradschützen Motorcycle Team
Panzergrenadier Squad
250 Light Carrier
Construct Light Support Kompanie
MG34 Team
Fire Support Elements
Panzerjäger Mechanized Group
Flakvierling Half-track
Pak 38 Anti-tank Gun Team
2.5-tonne Medical Truck
Construct Panzerarmee Kommand
Selects Battlefield Espionage Battlegroup
Selects 250/3 Funkpanzerwagen
Selects Intel Disruption Beacon
Panzer III L Medium Tank
Armored Reserves
Panzer IV Assault Group
Veteran Squad Leaders
Selects Anti-Tank Incendiary Munitions
Emergency Repair Kits
Vehicle Survival Package
Mo-J
Wheeler
Sparkle
TidaL
OPENHERE
Bacardi75D
0
0
Comments
sign in to comment!
No comments posted yet!